 Dungeon Crawl Stone Soup version 0.25-a0-253-g6f1b5d974a (webtiles) character file.

Game seed: 2738368619532970302, levelgen mode: deterministic

37466 MisterFreud the Covert (level 14, -7/110 HPs)
             Began as a Human Wanderer on Dec 4, 2019.
             Was a High Priest of Dithmenos.
             Killed by drain life
             ... invoked by a soul eater
             ... summoned by a kobold demonologist
              (17 damage)
             ... on level 12 of the Dungeon on Dec 5, 2019.
             The game lasted 01:20:12 (27162 turns).

MisterFreud the Covert (Human Wanderer)            Turns: 27162, Time: 01:20:14

Health: -7/110     AC:  8    Str: 17    XL:     14   Next: 29%
Magic:  18/26      EV: 16    Int: 16    God:    Dithmenos [*****.]
Gold:   763        SH:  6    Dex: 10    Spells: 23/29 levels left

rFire    . . .     SeeInvis .   u - +3 dagger (elec)
rCold    + . .     Gourm    .   l - +0 buckler
rNeg     . . .     Faith    .   K - +1 robe {rC+}
rPois    +         Spirit   .   (no helmet)
rElec    .         Reflect  +   O - +2 cloak
rCorr    .         Harm     .   t - +1 pair of gloves
MR       +....                  (no boots)
Stlth    ++++++++..             F - +2 amulet of reflection
HPRegen  0.28/turn              J - ring of stealth
MPRegen  0.20/turn              A - ring of poison resistance

@: lethally poisoned (-7 -> -7), wreathed by umbra, lightly drained
A: no striking features
a: Shadow Step, Shadow Form, Renounce Religion


You were on level 12 of the Dungeon.
You worshipped Dithmenos.
Dithmenos was extremely pleased with you.
You were not hungry.

You visited 2 branches of the dungeon, and saw 18 of its levels.

You collected 907 gold pieces.
You spent 144 gold pieces at shops.

Inventory:

Hand Weapons
 u - a +3 dagger of electrocution (weapon)
Missiles
 e - 14 javelins (quivered)
 h - 521 stones
 i - 2 throwing nets
 m - 266 arrows
 q - 82 bolts
 s - 4 atropa-tipped darts
 x - 51 poisoned darts
 E - 89 sling bullets
 M - 7 boomerangs
 N - 5 silver boomerangs
 S - 4 curare-tipped darts
Armour
 a - +0 acid dragon scales
 d - a +0 robe
 l - a +0 buckler (worn)
 t - a +1 pair of gloves (worn)
 K - a +1 robe of cold resistance (worn)
 O - a +2 cloak (worn)
Jewellery
 o - an uncursed ring of protection from fire
 r - an uncursed ring of wizardry
 A - a ring of poison resistance (right hand)
 B - an uncursed amulet of guardian spirit
 F - a +2 amulet of reflection (around neck)
 G - an uncursed amulet of harm
 J - a ring of stealth (left hand)
 P - an uncursed ring of protection from cold
 R - an uncursed ring of wizardry
Wands
 v - a wand of flame (31)
 I - a wand of iceblast (24)
 L - a wand of paralysis (9)
 Q - a wand of random effects (35)
Scrolls
 j - 3 scrolls of teleportation
 y - 3 scrolls of magic mapping
 z - 9 scrolls of remove curse
 C - 2 scrolls of enchant armour
 D - 2 scrolls of amnesia
 U - a scroll of fear
Potions
 b - 2 potions of lignification
 c - 8 potions of curing
 g - 3 potions of ambrosia
 k - a potion of heal wounds
 n - 4 potions of agility
 w - 5 potions of flight
 H - a potion of resistance
 T - a potion of invisibility {unknown}
Miscellaneous
 V - a phantom mirror
Comestibles
 f - 21 rations


   Skills:
 - Level 10.0(9.5) Fighting
 - Level 10.0(9.5) Short Blades
 - Level 2.0(1.6) Armour
 - Level 10.0(9.5) Dodging
 - Level 10.1(9.6) Stealth
 - Level 4.0(3.6) Shields
 - Level 8.1(7.6) Spellcasting
 - Level 8.0(7.5) Hexes
 - Level 3.0(2.6) Charms
 - Level 1.0(0.6) Air Magic
 + Level 2.4(2.1) Invocations
 - Level 5.1(4.7) Evocations


You had 23 spell levels left.
You knew the following spells:

 Your Spells              Type           Power        Failure   Level  Hunger
a - Shock                 Conj/Air       #...         11%         1    None
b - Confuse               Hex            ####....     1%          3    ##.....
c - Swiftness             Chrm/Air       ##......     10%         2    None

Your spell library contained the following spells:

 Spells                   Type           Power        Failure   Level  Hunger
 Confusing Touch          Hex            ####..       1%          1    None
 Corona                   Hex            ####...      1%          1    None
 Slow                     Hex            ####....     1%          2    None
 Cause Fear               Hex            ####......   5%          4    ####...
 Inner Flame              Hex/Fire       ###.....     8%          3    ##.....
 Portal Projectile        Hex/Tloc       ###...       8%          3    ##.....
 Freeze                   Ice            #...         12%         1    None
 Sandblast                Erth           #.....       12%         1    None
 Corpse Rot               Necr/Air       N/A          16%         2    None
 Poisonous Vapours        Pois/Air       #.....       16%         2    None
 Passwall                 Tmut/Erth      #.......     19%         2    None
 Ozocubu's Armour         Chrm/Ice       ##......     22%         3    ##.....
 Leda's Liquefaction      Hex/Erth       ###.......   26%         4    ####...
 Static Discharge         Conj/Air       #.......     32%         3    ##.....
 Gell's Gravitas          Tloc           #.........   34%         3    ##.....
 Stone Arrow              Conj/Erth      #.....       34%         3    ##.....
 Metabolic Englaciation   Hex/Ice        ###.......   56%         5    #####..
 Yara's Violent Unravell  Hex/Tmut       ###.......   56%         5    #####..
 Airstrike                Air            #.........   67%         4    ####...
 Hailstorm                Conj/Ice       #.......     75%         4    ####...
 Petrify                  Tmut/Erth      #.......     75%         4    ####...
 Summon Ice Beast         Ice/Summ       #.......     75%         4    ####...
 Lightning Bolt           Conj/Air       #.........   96%         5    #####..
 Lee's Rapid Deconstruct  Erth           #.........   97%         5    #####..


Dungeon Overview and Level Annotations

Branches:
Dungeon (12/15)            Temple (0/1) D:6            Lair (6/6) D:8
  Swamp (0/4) Lair:3        Snake (0/4) Lair:2        Slime (0/5) Lair:5
    Orc (0/2) D:9

Altars:
Dithmenos
Hepliaklqana
Kikubaaqudgha
Okawaru
Ru
Trog
Vehumet
Wu Jian
Yredelemnul
Zin
The Shining One
Jiyva

Shops:
D:4 (

Annotations:
D:3 2 transporters, grouchysmurf's ghost, amateur OgAM
D:7 2 transporters, Borgoz's ghost, novice GrFi
Lair:2 catoblepas!


Message History

* * * LOW HITPOINT WARNING * * *
You feel drained.
* * * LOW HITPOINT WARNING * * *
Unknown command.
You feel much better. The orc warrior barely misses you.
The soul eater hits you!!
* * * LOW HITPOINT WARNING * * *
You hit the kobold demonologist.
The kobold demonologist is heavily wounded.
You feel sick.
The kobold demonologist hits you with a +0 dagger.
* * * LOW HITPOINT WARNING * * *
Unknown command.
You feel much better.
The orc warrior hits you from afar with a +5 glaive of flaming!!
* * * LOW HITPOINT WARNING * * *
The orc warrior burns you!
* * * LOW HITPOINT WARNING * * *
The soul eater draws from the surrounding life force!
You die...

.......<......... ........
........÷..(..... ........
.....5.....................
....................######.
................... #.
................... #.
####...).........#..## #.
#...Ko####.##)#....####.
#...oKK@..##...)###.#...
########3.#.......##..##
#..)...##○..#..#
##..(.##§○..#.## #..).#°
#.)## #..#.○§°##..##
#..#...##...)##
##.##.......#.#
##.###)...##.#


You could see a soul eater, a kobold demonologist (confused), an orc warrior, an
orc and 2 kobolds.

Vanquished Creatures
  Harold (D:9)
  5 hydras
  Erica (D:7)
  2 two-headed ogres
  Sonja (D:11)
  A fire crab (Lair:4)
  An unseen horror (D:12)
  Pikel (D:6)
  A lindwurm (Lair:3)
  An ugly thing (D:11)
  A slime creature (D:12)
  A guardian serpent (Lair:1)
  A centaur zombie (D:12)
  3 black mambas
  A gargoyle (D:11)
  10 spiny frogs
  2 kobold demonologists
  5 komodo dragons
  2 polar bears
  A merfolk (D:11)
  A troll (D:12)
  2 hornets
  12 blink frogs
  5 hippogriffs
  A wraith (D:9)
  Sigmund (D:6)
  22 yaks
  4 wyverns
  A steam dragon (Lair:6)
  3 basilisks (Lair:6)
  4 vampire mosquitoes
  5 acid dragons
  Duvessa (D:6)
  A swamp drake (Lair:6)
  15 water moccasins
  8 porcupines
  3 sky beasts
  An eye of draining (D:11)
  2 orc warriors
  3 phantoms
  A black bear (D:6)
  6 ogres
  4 slaves
  3 ice beasts
  2 necrophages
  8 centaurs
  11 crocodiles
  A wolf (Lair:2)
  A big kobold (D:7)
  13 bullfrogs
  Dowan (D:6)
  3 scorpions
  3 wights (D:8)
  60 killer bees
  An electric eel (Lair:3)
  4 howler monkeys
  3 crimson imps
  A quasit (D:6)
  3 centaur skeletons
  A jelly (D:12)
  4 hounds
  9 orc wizards
  6 orc priests
  2 bullfrog skeletons
  7 worker ants
  5 iguanas
  A killer bee zombie (D:6)
  A human simulacrum (D:12)
  A hound skeleton (D:4)
  A worker ant zombie (D:9)
  14 adders
  A howler monkey skeleton (D:11)
  4 shadow imps
  An ooze (D:4)
  An adder skeleton (D:6)
  4 worms
  A dart slug (D:2)
  8 leopard geckos
  34 orcs
  3 giant cockroaches
  7 goblins
  2 hobgoblins
  6 jackals
  12 kobolds
  6 quokkas
  4 ball pythons
  8 bats
  5 frilled lizards
  A leopard gecko skeleton (D:4)
  A quokka skeleton (D:6)
  14 rats
  A butterfly (Lair:2)
  2 fungi (D:8)
  A plant (D:8)
445 creatures vanquished.

Vanquished Creatures (collateral kills)
  An iguana (D:9)
1 creature vanquished.

Vanquished Creatures (others)
  A human simulacrum (D:12)
  A kobold (D:12)
  15 fungi
  16 plants
33 creatures vanquished.

Grand Total: 479 creatures vanquished

Notes
Turn   | Place    | Note
-------+----------+-------------------------------------------
     0 | D:1      | MisterFreud the Human Wanderer began the quest for the Orb.
     0 | D:1      | MisterFreud set off with the following items: a +0 club, a
                  | potion of curing, a +0 robe, a ration; and the following
                  | spell memorised: Shock; and the following spells available
                  | to memorise: Swiftness, Corpse Rot, Poisonous Vapours,
                  | Static Discharge, Airstrike, Lightning Bolt
     0 | D:1      | Reached XP level 1. HP: 15/15 MP: 2/2
   308 | D:1      | Reached XP level 2. HP: 10/22 MP: 3/3
  1771 | D:1      | Reached XP level 3. HP: 28/28 MP: 4/4
  2381 | D:3      | Found a transporter.
  2381 | D:3      | Noticed grouchysmurf's ghost (amateur OgAM)
  2382 | D:3      | Noticed an ogre
  2382 | D:3      | Noticed an ogre
  2389 | D:3      | Identified the +2 great mace of Dishonour {flame, rElec
                  | rPois Int+2 Stlth+}
  2389 | D:3      | Noticed an ogre
  2390 | D:3      | Found a transporter.
  2428 | D:3      | Reached XP level 4. HP: 27/35 MP: 5/5
  3439 | D:3      | Reached skill level 1 in Dodging
  3716 | D:3      | Reached XP level 5. HP: 42/42 MP: 6/6
  4571 | D:4      | Reached XP level 6. HP: 48/48 MP: 7/7
  5131 | D:4      | Found Umoisah's Weapon Shop.
  5139 | D:4      | Bought a +1 dagger of electrocution for 144 gold pieces
  5237 | D:5      | Entered Level 5 of the Dungeon
  5287 | D:5      | Reached XP level 7. HP: 37/54 MP: 8/8
  5889 | D:5      | Reached skill level 5 in Dodging
  5994 | D:5      | Noticed a water moccasin
  6003 | D:5      | Killed a water moccasin
  6003 | D:5      | Reached XP level 8. HP: 50/60 MP: 9/9
  6392 | D:6      | Reached skill level 1 in Short Blades
  6658 | D:6      | Found a staircase to the Ecumenical Temple.
  6848 | D:6      | Found a shadowy altar of Dithmenos.
  6848 | D:6      | Found a radiant altar of Vehumet.
  6853 | D:6      | Found a glowing silver altar of Zin.
  6855 | D:6      | Found an ornate altar of the Wu Jian Council.
  6856 | D:6      | Found a sacrificial altar of Ru.
  7122 | D:6      | Learned a level 3 spell: Confuse
  7191 | D:6      | Reached XP level 9. HP: 62/65 MP: 10/10
  7237 | D:6      | Noticed Sigmund
  7240 | D:6      | Killed Sigmund
  7240 | D:6      | Reached skill level 5 in Stealth
  7518 | D:7      | Reached skill level 5 in Short Blades
  8092 | D:7      | Found an iron altar of Okawaru.
  8185 | D:7      | Noticed Duvessa
  8185 | D:7      | Noticed Dowan
  8216 | D:6      | Killed Duvessa
  8903 | D:7      | Found a transporter.
  8928 | D:7      | Identified the +10 dire flail of Responsibility {flame,
                  | -Tele Int+5}
  8928 | D:7      | Noticed a two-headed ogre
  8989 | D:7      | Noticed Pikel
  9119 | D:6      | Killed Dowan
  9286 | D:7      | Noticed Borgoz's ghost (novice GrFi)
  9287 | D:7      | Found a transporter.
 10283 | D:8      | Reached XP level 10. HP: 47/71 MP: 11/11
 10368 | D:8      | Noticed Erica
 10536 | D:8      | Found a glowing golden altar of the Shining One.
 10536 | D:8      | Found a bloodstained altar of Trog.
 10536 | D:8      | Found a basalt altar of Yredelemnul.
 10785 | D:7      | Killed Erica
 11617 | D:8      | Found a staircase to the Lair.
 12811 | D:9      | Noticed Harold
 13286 | D:9      | Found a staircase to the Orcish Mines.
 13439 | D:9      | Killed Harold
 13439 | D:9      | Reached XP level 11. HP: 44/77 MP: 12/12
 14036 | D:1      | Upgraded the game from 0.25-a0-251-g572059c536 to
                  | 0.25-a0-253-g6f1b5d974a
 14165 | D:6      | Became a worshipper of Dithmenos the Shadowed
 14225 | D:6      | Killed Pikel
 14319 | Lair:1   | Entered Level 1 of the Lair of Beasts
 14319 | Lair:1   | Found a hazy altar of Hepliaklqana.
 15644 | Lair:1   | Noticed a five-headed hydra
 15651 | Lair:1   | Killed a five-headed hydra
 15651 | Lair:1   | Reached skill level 10 in Stealth
 15962 | Lair:1   | Reached skill level 10 in Short Blades
 15962 | Lair:1   | Reached skill level 10 in Dodging
 16089 | Lair:2   | Noticed a catoblepas
 16092 | Lair:2   | You fall into a shaft and drop 2 floors!
 16127 | Lair:3   | Noticed a lindwurm
 16134 | Lair:3   | Killed a lindwurm
 16134 | Lair:3   | Reached skill level 1 in Hexes
 16144 | Lair:3   | Found a staircase to the Swamp.
 16367 | Lair:2   | Found a staircase to the Snake Pit.
 16391 | Lair:2   | You fall into a shaft and drop 1 floor!
 16445 | Lair:3   | Noticed a five-headed hydra
 16650 | Lair:3   | Reached XP level 12. HP: 74/83 MP: 15/15
 16827 | Lair:2   | Noticed a four-headed hydra
 17145 | Lair:2   | Reached * piety under Dithmenos
 17381 | Lair:2   | Learned a level 2 spell: Swiftness
 17619 | Lair:2   | Killed a four-headed hydra
 18248 | Lair:3   | Killed a five-headed hydra
 18248 | Lair:3   | Reached skill level 5 in Hexes
 18523 | Lair:3   | Reached skill level 5 in Spellcasting
 20286 | Lair:4   | Reached ** piety under Dithmenos
 20376 | Lair:4   | Reached XP level 13. HP: 39/89 MP: 22/22
 20591 | Lair:4   | Reached skill level 5 in Fighting
 21604 | Lair:6   | Entered Level 6 of the Lair of Beasts
 21700 | Lair:5   | Reached *** piety under Dithmenos
 21773 | Lair:5   | Found a viscous altar of Jiyva.
 21774 | Lair:5   | Found a staircase to the Slime Pits.
 22495 | Lair:6   | Noticed a seven-headed hydra
 22502 | Lair:6   | Killed a seven-headed hydra
 22977 | Lair:6   | Noticed a four-headed hydra
 23517 | Lair:6   | Killed a four-headed hydra
 23887 | Lair:6   | Reached skill level 10 in Fighting
 24235 | Lair:6   | Noticed a fire dragon
 24709 | D:10     | Entered Level 10 of the Dungeon
 24740 | D:10     | Found an ancient bone altar of Kikubaaqudgha.
 25324 | D:11     | Noticed Sonja
 25345 | D:11     | Killed Sonja
 25455 | D:11     | Reached **** piety under Dithmenos
 25945 | D:11     | Reached XP level 14. HP: 110/110 MP: 25/25
 25968 | D:11     | Reached skill level 1 in Evocations
 26992 | D:12     | Reached ***** piety under Dithmenos
 27026 | D:12     | Reached skill level 5 in Evocations
 27108 | D:12     | Reached skill level 1 in Invocations
 27162 | D:12     | Killed from afar by a soul eater

Levels and vault maps discovered:
D:1:      wander_arrival_estate, layout_basic, minmay_misc_feat_square
D:2:      layout_basic, minmay_rat_gold_closets
D:3:      layout_basic, first_ration, gammafunk_ghost_smash
D:4:      layout_basic, serial_shops, shop
D:5:      layout_loops_corners, corexii_hall_statues_l
D:6:      layout_loops_ring, chequers_temple_overflow_minitemple, temple_green,
          uniq_sigmund
D:7:      layout_gridville, overflow_temple_1_default, gammafunk_ghost_smash,
          uniq_duvessa, uniq_pikel
D:8:      layout_layer_cave, gammafunk_temple_overflow_forgotten,
          dpeg_oklobed_lair, uniq_erica
D:9:      layout_basic, orc_0_dummy, uniq_harold
D:10:     layout_rooms, lemuel_hellish_altar
D:11:     layout_roguey, hangedman_fish_farm, uniq_sonja
D:12:     layout_basic, bh_circular_ruins
Lair:1:   layout_chaotic_city, basic_altar
Lair:2:   layout_chaotic_city, minmay_snake_entry_spellcaster,
          grunt_megastairs_3, infiniplex_staircase_pool_2, lemuel_fruit_fields
Lair:3:   layout_gridlike, swamp_mist, nicolae_quartered_pool_super,
          st_stairs_3, grunt_megastairs_2
Lair:4:   wad_woods_minihive, layout_gridlike, grunt_megastairs_5
Lair:5:   layout_loops_ring, dpeg_slime_entry_enclosed_altar
Lair:6:   guppyfry_lair_end_dragon, layout_cave_shapes

Skill      XL: |  1  2  3  4  5  6  7  8  9 10 11 12 13 14 |
---------------+-------------------------------------------+-----
Fighting       | 2 3 4 10 | 10.0
Dodging        | 1 2 3 5 6 8 10 | 10.0
Shields        | 2 3 4 |  4.0
Short Blades   | 3 6 8 10 | 10.0
Stealth        | 4 6 9 10 | 10.1
Spellcasting   | 2 6 7 8 |  8.1
Hexes          | 2 8 |  8.0
Evocations     | 5 |  5.1
Invocations    | 2 |  2.4
Armour         | |  2.0
Charms         | |  3.0
Air Magic      | |  1.0

Action                   |  1- 3 |  4- 6 |  7- 9 | 10-12 | 13-15 || total
-------------------------+-------+-------+-------+-------+-------++-------
Melee: Dagger            |   138 |   190 |   365 |   763 |   696 ||  2152
       Club              |     2 |       |       |       |       ||     2
Throw: Dart              |       |       |    28 |    13 |       ||    41
 Cast: Shock             |     5 |     3 |       |       |       ||     8
       Confuse           |       |       |       |    29 |    96 ||   125
       Swiftness         |       |       |       |     7 |     5 ||    12
Evoke: Wand              |       |       |    18 |    12 |     1 ||    31
  Use: Scroll            |       |     9 |     6 |     9 |     7 ||    31
       Potion            |       |       |     2 |     2 |     2 ||     6
 Stab: Sleeping          |     3 |     4 |     8 |    29 |    28 ||    72
       Held in net/web   |       |       |       |     1 |       ||     1
       Distracted        |       |       |       |     2 |     6 ||     8
       Confused          |       |       |       |    10 |    35 ||    45
       Paralysed         |       |       |       |     1 |       ||     1
  Eat: Chunk             |     5 |     7 |    12 |    28 |    18 ||    70
       Ration            |       |     1 |     1 |     2 |     2 ||     6
Armor: Robe              |    44 |    31 |    66 |    65 |    84 ||   290
Dodge: Dodged            |    96 |    92 |   192 |   384 |   376 ||  1140
Block: Buckler           |       |    18 |    83 |   150 |   158 ||   409
       Reflection        |       |       |       |     2 |     5 ||     7

Table legend:
 A = Non-vault XP
 B = Vault XP
 C = Vault XP percentage of total XP
 D = Non-vault monster count
 E = Vault monster count
 F = Vault count percentage of total count
                 A         B        C        D         E       F
            +---------+---------+-------+---------+---------+-------
      Total |   41474 |   12049 |  22.5 |     359 |      79 |  18.0
            +---------+---------+-------+---------+---------+-------
        D:1 |      31 |       0 |   0.0 |      21 |       0 |   0.0
        D:2 |      43 |       6 |  12.2 |      19 |       6 |  24.0
        D:3 |      63 |       0 |   0.0 |      20 |       0 |   0.0
        D:4 |     355 |       0 |   0.0 |      15 |       0 |   0.0
        D:5 |     535 |       0 |   0.0 |      15 |       0 |   0.0
        D:6 |    1228 |    1125 |  47.8 |      26 |       4 |  13.3
        D:7 |    1198 |     918 |  43.4 |      22 |       1 |   4.3
        D:8 |    2423 |       0 |   0.0 |      33 |       0 |   0.0
        D:9 |    1520 |     976 |  39.1 |      22 |       1 |   4.3
       D:10 |    1230 |       0 |   0.0 |       7 |       0 |   0.0
       D:11 |    6154 |    1088 |  15.0 |      45 |       2 |   4.3
       D:12 |    3957 |      21 |   0.5 |      25 |       1 |   3.8
     Lair:1 |    4051 |     470 |  10.4 |      15 |       1 |   6.2
     Lair:2 |    3435 |     111 |   3.1 |      14 |       1 |   6.7
     Lair:3 |    3901 |    2893 |  42.6 |      18 |      14 |  43.8
     Lair:4 |    2572 |    2763 |  51.8 |       9 |      38 |  80.9
     Lair:5 |    4667 |       0 |   0.0 |      21 |       0 |   0.0
     Lair:6 |    4111 |    1678 |  29.0 |      12 |      10 |  45.5
            +---------+---------+-------+---------+---------+-------
